 Dungeon Crawl Stone Soup version 0.26-a0-1129-gc5df7fbe6a (webtiles) character file.

Game seed: 1558482953813222460

9 vvl the Ruffian (level 2, 28/28 HPs)
             Began as a Troll Warper on Dec 18, 2020.
             Got out of the dungeon alive.
             The game lasted 00:02:59 (142 turns).

vvl the Ruffian (Troll Warper)                       Turns: 142, Time: 00:03:00

Health: 28/28      AC:  6    Str: 18    XL:     2   Next: 3%
Magic:  3/3        EV: 10    Int:  9    God:
Gold:   18         SH:  0    Dex:  9    Spells: 3/3 levels left

rFire    . . .     SeeInvis .     - Unarmed
rCold    . . .     Faith    .   (no shield)
rNeg     . . .     Spirit   .   a - +0 robe
rPois    .         Reflect  .   (helmet restricted)
rElec    .         Harm     .   (no cloak)
rCorr    .         Rampage  .   (gloves unavailable)
Will     .....                  (boots unavailable)
Stlth    +.........             (no amulet)
HPRegen  0.49/turn              (no ring)
MPRegen  0.08/turn              (no ring)

@: no status effects
A: large, unfitting armour, claws 3, regeneration 1, shaggy fur 1, tough skin 3
a: no special abilities


You escaped.
You visited 1 branch of the dungeon, and saw 1 of its levels.

You collected 18 gold pieces.

Inventory:

Armour
 a - a +0 robe (worn)
Scrolls
 b - a scroll of amnesia {unknown}
 c - a scroll of blinking
 d - a scroll of remove curse {unknown}


   Skills:
 + Level 1.7 Fighting
 - Level 0.8 Throwing
 - Level 1.9 Dodging
 * Level 2.3 Unarmed Combat
 + Level 1.3 Spellcasting
 + Level 2.2 Translocations


You had 3 spell levels left.
You didn't know any spells.
Your spell library contained the following spells:

 Spells                   Type           Power        Failure   Level
 Blink                    Tloc           N/A          22%         2
 Gell's Gravitas          Tloc           2%           38%         3
 Lesser Beckoning         Tloc           2%           38%         3
 Teleport Other           Tloc           4%           38%         3
 Passage of Golubria      Tloc           N/A          80%         4


Dungeon Overview and Level Annotations

Branches:
Dungeon (1/15)

Altars:


Innate Abilities, Weirdness & Mutations

You are too large for most types of armour.
You have claws for hands.
Your natural rate of healing is unusually fast.
You are covered in fur. (AC +1)
You have extremely tough skin. (AC +3)


Message History

You barely miss the bat. The bat closely misses you. The bat barely misses you.
You closely miss the bat. The bat hits you but does no damage.
The bat closely misses you. The bat hits you but does no damage.
You scratch the bat.
You kill the bat!
A dart slug is nearby!
The dart slug launches a dart at you. The slug dart misses you.
You claw the dart slug!
The dart slug is almost dead.
The dart slug barely misses you.
You claw the dart slug!
You kill the dart slug!
You have reached level 2!
You open the door.
There is an open door here.
You see here a dagger.
There is a staircase leading out of the dungeon here.
Are you sure you want to leave the Dungeon?
This will make you lose the game!
You have escaped!

#+# #####+ #.[ ......# ...
#..)## #.# .# #.## #.# .#
##.## #.# .# ##.##
##.####.##.# #.####.###
+.)....@..# .........'.
#..####.### ##.####..#.
#.#.###.# #.# #.#.##
#.##.#.## #.#.##.#. #.#
#.## #.# #.#. #.##.#.##
##(#.##.## #.#.###.# #.#
#.#.# ###..####.###
###.####..##
#.')........###.........'.


There were no monsters in sight!

Vanquished Creatures
  A dart slug (D:1)
  A giant cockroach (D:1)
  2 goblins (D:1)
  A hobgoblin (D:1)
  A bat (D:1)
6 creatures vanquished.

Notes
Turn   | Place    | Note
-------+----------+-------------------------------------------
     0 | D:1      | vvl the Troll Warper began the quest for the Orb.
     0 | D:1      | Reached XP level 1. HP: 19/19 MP: 1/1
   111 | D:1      | Reached XP level 2. HP: 28/28 MP: 3/3
   142 | D:$      | Got out of the dungeon alive.

Illustrated notes

Levels and vault maps discovered:
D:1:      roderic_octagonal_star, layout_loops_ring, minmay_crystal_water

Action                   || total
-------------------------++-------
Melee: Unarmed           ||    13
Throw: Boomerang         ||     5
Armor: Robe              ||     5
Dodge: Dodged            ||     6

Table legend: (Time is in decaauts)
 A = Elapsed time spent in this place.
 B = Non-inter-level travel time spent in this place.
 C = Inter-level travel time spent in this place.
 D = Time resting spent in this place.
 E = Time spent auto-exploring this place.
 F = Levels seen in this place.
 G = Mean time per level.
                   A        B        C        D        E       F      G
               +--------+--------+--------+--------+--------+-----+--------+
         Total |    142 |     85 |     57 |      0 |     35 |   1 |  142.0 |
       Dungeon |    142 |     85 |     57 |      0 |     35 |   1 |  142.0 |
               +--------+--------+--------+--------+--------+-----+--------+

Top non-repeatable levels by time:
     D:1: 142 daAuts
